 Dungeon Crawl Stone Soup version 0.31.0-11-ge490571c62 (webtiles) character file.

Game seed: 9589923997475210907

52 SnakkuSnakku7 the Magician (level 3, -1/29 HPs)
             Began as an Armataur Hedge Wizard on Jan 27, 2024.
             Slain by Natasha (2 damage)
             ... on level 3 of the Dungeon.
             The game lasted 00:01:41 (1435 turns).

SnakkuSnakku7 the Magician (Armataur Hedge Wizard)  Turns: 1435, Time: 00:01:41

Health: -1/29      AC:  6    Str: 17    XL:     3   Next: 60%
Magic:  16/16      EV: 10    Int: 14    God:
Gold:   146        SH:  0    Dex: 15    Spells: 6/7 levels left

rFire   . . .        a - +0 hand axe
rCold   x . .        (no shield)
rNeg    + + .        b - +0 robe
rPois   +            c - +0 hat
rElec   .            (no cloak)
rCorr   .            q - +1 pair of gloves of Anixukol {rPois rC- rN++ MP+9}
SInv    .            (no barding)
Will    .....        (no amulet)
Stlth   ++           h - +6 ring of dexterity
HPRegen 0.24/turn    (no ring)
MPRegen 0.48/turn

%: roll
@: slowed, very slow
A: large, deformed body, tough skin 3, armoured tail, roll 1
a: no special abilities


You were on level 3 of the Dungeon.
You visited 1 branch of the dungeon, and saw 3 of its levels.

You collected 146 gold pieces.

Inventory:

Hand Weapons
 a - a +0 hand axe (weapon)
 o - a +0 dagger
Armour
 b - a +0 robe (worn)
 c - a +0 hat (worn)
 j - a +0 pair of gloves
 q - the +1 pair of gloves of Anixukol (worn) {rPois rC- rN++ MP+9}
   (You found it on level 2 of the Dungeon)

   rC-:       It makes you vulnerable to cold.
   rPois:     It protects you from poison rN++: It greatly protects you from
   negative energy.
   MP+9:      It affects your magic capacity (+9).
Jewellery
 h - a +6 ring of dexterity (left hand)
Scrolls
 e - a scroll of immolation {unknown}
 g - a scroll of enchant weapon {unknown}
 i - 2 scrolls of amnesia {unknown}
 k - a scroll of identify {unknown}
 n - a scroll of poison {unknown}
 s - a scroll of vulnerability {unknown}
Potions
 d - a potion of magic
 f - 4 potions of brilliance {unknown}
 l - a potion of enlightenment {unknown}
 m - a potion of cancellation {unknown}
 p - 2 potions of curing {unknown}
 r - a potion of heal wounds {unknown}


   Skills:
 - Level 1.8 Fighting
 + Level 1.9 Axes
 - Level 1.3 Dodging
 - Level 2.1 Stealth
 - Level 2.6 Spellcasting
 - Level 0.8 Conjurations
 - Level 0.7 Summonings
 - Level 1.0 Translocations


You had 6 spell levels left.
You knew the following spells:

 Your Spells              Type           Power      Damage    Failure   Level
a - Magic Dart            Conj           16%        1d3       16%         1

Your spell library contained the following spells:

 Spells                   Type           Power      Damage    Failure   Level
 Shock                    Conj/Air       12%        1d3       19%         1
 Sting                    Conj/Alch      12%        1d3       19%         1
 Slow                     Hex            4%         N/A       22%         1
 Blink                    Tloc           8%         N/A       22%         2
 Call Imp                 Summ           6%         N/A       26%         2
 Cigotuvi's Dreadful Rot  Necr/Alch/Air  2%         N/A       32%         2
 Mephitic Cloud           Conj/Alch/Air  2%         N/A       52%         3
 Malign Gateway           Summ/Tloc      2%         N/A       100%        7
 Summon Horrible Things   Summ           1%         N/A       100%        8


Dungeon Overview and Level Annotations

Branches:
Dungeon (3/15)

Altars:
Dithmenos
Gozag
Hepliaklqana

Shops:
D:2 =

Annotations:
D:3 Natasha


Innate Abilities, Weirdness & Mutations

Armour fits poorly on your strangely shaped body.
You have extremely tough skin. (AC +3)
You have a long armoured tail.
You regenerate magic when rolling toward enemies. (Rampage MPRegen)


Message History

The bat hits you but does no damage. The bat completely misses you.
You miss the bat. You tail-slap the bat.
You kill the bat!
You hit the bush but do no damage. x2
No target in view!
No target in view!
You start resting.
HP restored.
A bat is nearby!
The helpless bat fails to defend itself.
You hit the bat.
You kill the bat!
Found a stone staircase leading down.
Found a hand axe.
Natasha, Servant of Life and Death comes into view.
Natasha hisses angrily.
Natasha mewls in sadness.
Natasha is nearby!
Natasha stares at you and mumbles some strange words.
You feel yourself slow down.
You roll towards Natasha!
Natasha claws you. Natasha claws you!
You barely miss Natasha. Natasha barely misses you. x2
You barely miss Natasha.
Your tail-slap misses Natasha.
Natasha claws you.
You barely miss Natasha. You tail-slap Natasha.
Natasha is lightly wounded.
Natasha claws you.
* * * LOW HITPOINT WARNING * * *
Natasha claws you but does no damage.
You closely miss Natasha.
Your tail-slap misses Natasha.
Natasha is lightly wounded.
Natasha claws you!
* * * LOW HITPOINT WARNING * * *
Natasha extends her claws.
Natasha closely misses you.
You hit Natasha.
Natasha is moderately wounded.
Natasha claws you.
You die...
Natasha curls up and begins to purr.

#.##......⌠._#
##...#.###†P..#
#....#.# #..._#
#....#.# ##P.##
#....#.# ####
#......## ##..
#...#...###..
#........##h#
...........##@#
###........##.#
#......#..#.#
####...#....#
#...##...#
#...##......
########......
........
........


You could see Natasha.

Vanquished Creatures
  Natasha (D:3)
  A dart slug (D:2)
  An orc (D:2)
  2 hobgoblins
  2 kobolds (D:1)
  A quokka (D:1)
  5 ball pythons
  8 bats
  3 frilled lizards
  A goblin (D:1)
  4 rats
29 creatures vanquished.

Notes
Turn   | Place    | Note
-------+----------+-------------------------------------------
     0 | D:1      | SnakkuSnakku7 the Armataur Hedge Wizard began the quest for
                  | the Orb.
     0 | D:1      | Reached XP level 1. HP: 14/14 MP: 4/4
   171 | D:1      | Reached skill level 1 in Fighting
   404 | D:1      | Reached XP level 2. HP: 17/23 MP: 5/5
   794 | D:2      | Found a faded altar of an unknown god.
   842 | D:2      | Found Xanyar Woca's Jewellery Emporium.
  1077 | D:2      | Identified the +1 pair of gloves of Anixukol {rPois rC-
                  | rN++ MP+9}
  1098 | D:2      | Got The Hidden Arts, Part One
  1239 | D:2      | Reached skill level 1 in Axes
  1344 | D:3      | Noticed Natasha
  1359 | D:3      | Killed Natasha
  1360 | D:3      | Reached XP level 3. HP: 15/29 MP: 7/7
  1362 | D:3      | Found a hazy altar of Hepliaklqana.
  1363 | D:3      | Found a shadowy altar of Dithmenos.
  1364 | D:3      | Found an opulent altar of Gozag.
  1428 | D:3      | Noticed Natasha
  1434 | D:3      | HP: 1/29 [Natasha (8)]
  1435 | D:3      | Slain by Natasha

Illustrated notes

Levels and vault maps discovered:
D:1:      roderic_crop_circles_arrival_small, layout_basic
D:2:      layout_rooms, nicolae_ecumenical_oubliette, serial_shops,
          nicolae_shop_hallway_stairs
D:3:      layout_basic, gammafunk_temple_overflow_forgotten, serial_shops, shop,
          shop, wad_floor_pattern_1, uniq_jessica, uniq_natasha, uniq_terence

Skill      XL: |  1  2 |
---------------+-------+-----
Fighting       | 1 |  1.8
Axes           | 1 |  1.9
Dodging        | |  1.3
Stealth        | |  2.1
Spellcasting   | |  2.6
Conjurations   | |  0.8
Summonings     | |  0.7
Translocations | |  1.0

Action                     || total
---------------------------++-------
  Melee: Dagger            ||    62
         Tailslap          ||     9
         Hand axe          ||    53
         Punch             ||     1
   Stab: Sleeping          ||     9
 Armour: Robe              ||    79
  Dodge: Dodged            ||    57
